 Dungeon Crawl Stone Soup version 0.29.1-15-g9cfb28693d (webtiles) character file.

Game seed: 1611354921724928766

4024 protoss039 the Digger (level 10, 76/76 HPs)
             Began as a Demonspawn Earth Elementalist on Mar 12, 2023.
             Got out of the dungeon alive.
             The game lasted 00:12:31 (9671 turns).

protoss039 the Digger (DsEE)                        Turns: 9671, Time: 00:12:31

Health: 76/76      AC: 12    Str:  9    XL:     10   Next: 4%
Magic:  18/18      EV: 12    Int: 21    God:
Gold:   519        SH:  4    Dex: 13    Spells: 8/20 levels left

rFire   . . .      SeeInvis .   v - +2 dagger (venom)
rCold   . . .      Faith    .   (no shield)
rNeg    . . .      Spirit   .   K - +0 steam dragon scales
rPois   +          Reflect  .   E - +0 helmet
rElec   .          Harm     .   l - +0 cloak
rCorr   .          Rampage  .   (no gloves)
Will    .....                   w - +0 pair of boots
Stlth   ++........              y - amulet of regeneration
HPRegen 1.02/turn               i - ring of poison resistance
MPRegen 0.16/turn               n - ring of wizardry

@: no status effects
A: hooves 2, thin metallic scales 1, condensation shield, demonic magic 1
a: no special abilities


You escaped.
You visited 2 branches of the dungeon, and saw 9 of its levels.
You also visited: Ossuary.

You collected 519 gold pieces.

Inventory:

Hand Weapons
 e - a +1 dagger of speed
 v - a +2 dagger of venom (weapon)
Missiles
 p - a throwing net
Armour
 l - a +0 cloak (worn)
 w - a +0 pair of boots (worn)
 z - a +1 ring mail of willpower
 E - a +0 helmet (worn)
 K - +0 steam dragon scales (worn)
Jewellery
 i - a ring of poison resistance (left hand)
 j - a ring of resist corrosion
 n - a ring of wizardry (right hand)
 y - an amulet of regeneration (around neck)
 H - a ring of positive energy
Wands
 f - a wand of polymorph (9)
 x - a wand of flame (35)
 G - a wand of roots (8)
 N - a wand of charming (8)
Scrolls
 d - 3 scrolls of fear
 g - 5 scrolls of torment
 k - a scroll of identify
 m - a scroll of enchant armour {unknown}
 o - a scroll of summoning {unknown}
 q - 4 scrolls of enchant weapon
 r - 5 scrolls of butterflies
 t - a scroll of magic mapping {unknown}
 A - a scroll of immolation {unknown}
 D - 2 scrolls of teleportation {unknown}
 F - a scroll of amnesia {unknown}
 J - a scroll of acquirement {unknown}
 L - 3 scrolls of noise {unknown}
 M - a scroll of vulnerability {unknown}
Potions
 a - 3 potions of brilliance
 b - 2 potions of magic
 c - 3 potions of curing
 h - 5 potions of haste
 s - a potion of attraction {unknown}
 u - 3 potions of heal wounds
 B - 4 potions of flight
 C - 3 potions of mutation
 I - a potion of ambrosia {unknown}


   Skills:
 + Level 5.8 Fighting
 - Level 6.0 Armour
 - Level 1.7 Dodging
 - Level 1.7 Stealth
 + Level 5.9 Spellcasting
 + Level 5.4 Conjurations
 - Level 1.0 Transmutations
 - Level 3.0 Air Magic
 + Level 6.2 Earth Magic
 - Level 3.0 Poison Magic


You had 8 spell levels left.
You knew the following spells:

 Your Spells              Type           Power      Damage    Failure   Level
a - Sandblast             Erth           64%        2d14      1%          1
b - Passwall              Tmut/Erth      17%        N/A       1%          2
c - Stone Arrow           Conj/Erth      60%        3d10      1%          3
d - Mephitic Cloud        Conj/Pois/Air  22%        N/A       2%          3
e - Swiftness             Air            18%        N/A       3%          3

Your spell library contained the following spells:

 Spells                   Type           Power      Damage    Failure   Level
 Magic Dart               Conj           100%       1d8       1%          1
 Call Imp                 Summ           6%         N/A       6%          2
 Ensorcelled Hibernation  Hex/Ice        12%        N/A       6%          2
 Petrify                  Tmut/Erth      21%        N/A       9%          4


Dungeon Overview and Level Annotations

Branches:
Dungeon (8/15) Zot: 26490  Temple (1/1) D:4 Zot: 5942 Ossuary (visited)
   Lair: D:8-11

Altars:
Ashenzari
Cheibriados
Fedhas
Hepliaklqana
Kikubaaqudgha
Makhleb
Okawaru
Qazlal
Sif Muna
Trog
Uskayaw
Xom
Yredelemnul


Innate Abilities, Weirdness & Mutations

You have hoof-like feet.
You are partially covered in thin metallic scales. (AC +2)
A meltable shield of frost defends you. (SH +4)
Spells you cast may paralyse adjacent enemies.


Message History

You see here an acid dragon corpse.
HP restored.
There is an open door here.
There is an open door here.
Items here: ( ))) [[ ÷.
There is an escape hatch in the ceiling here.
A mysterious force pulls you upwards. The hatch slams shut behind you.
(D) Dungeon (T) Temple
Where to? (Enter - D:8 @ (x,y), ? - help)
What level of the Dungeon? (default 1, ? - help)
There is a stone staircase leading up here.
You climb upwards.
There is a stone staircase leading down here.
You see here a +0 short sword.
There is an open door here.
You see here a +0 club.
There is a stone staircase leading up here.
You climb upwards.
There is a stone staircase leading down here.
You see here a +0 ring mail.
Magic restored.
There is a stone staircase leading up here.
You climb upwards.
There is a stone staircase leading down here.
Things that are here:
a +0 chain mail; a +0 dagger
There is a stone staircase leading up here.
You climb upwards.
There is a stone staircase leading down here.
There is a stone staircase leading up here.
You climb upwards.
There is a stone staircase leading down here.
There is an open door here.
There is an open door here.
There is a stone staircase leading up here.
You climb upwards.
There is a stone staircase leading down here.
There is a staircase leading out of the dungeon here.
Are you sure you want to leave the Dungeon?
This will make you lose the game!
You have escaped!

......# ##..##########..# .....##
##.......♣P..###.# .....#
#.......P.....##.# .....#
#.P....♣.♣.....#.# .....#
#...♣P..P...♣♣.P.# ##.###
#♣♣.♣.P...P......# #.).#
#.♣..............# ##.##
#.P..P.....P...P.# .###
#.♣.....@........# ..#
#P...P.....P.....#
..#######♣...............#
.........♣....P...P......########
...#####....♣...P...♣..♣..(......
...# #.#..♣..P....♣♣.#.........
...# #.##..P.....P..##.........
#### #....P....P...###.........
############### #.........


There were no monsters in sight!

Vanquished Creatures
  Maggie (D:6)
  Grinder (D:4)
  Sigmund (D:3)
  6 yaks (D:8)
  Menkaure (Ossuary)
  Edmund (D:6)
  Duvessa (D:4)
  An acid dragon (D:8)
  An ice beast (D:7)
  2 black bears (D:5)
  A centaur (D:6)
  A phantom (D:6)
  A kobold brigand (D:7)
  A necrophage (D:5)
  2 bullfrogs
  5 wights (D:7)
  Dowan (D:4)
  A troll zombie (Ossuary)
  3 howler monkeys
  A centaur zombie (Ossuary)
  A hound (D:5)
  4 orc priests
  Crazy Yiuf (D:3)
  3 iguanas
  9 orc wizards
  3 ogre zombies (Ossuary)
  Robin (D:4)
  6 mummies (Ossuary)
  10 adders
  3 gnolls (D:4)
  A shadow imp (D:6)
  2 white imps
  An ufetubus (D:5)
  5 adder zombies (Ossuary)
  2 worms
  4 dart slugs
  24 orcs
  6 ball pythons
  6 endoplasms
  3 giant cockroaches
  A gnoll zombie (Ossuary)
  9 goblins
  5 hobgoblins
  4 kobolds
  3 quokkas (D:3)
  7 bats
  2 goblin zombies (Ossuary)
  6 hobgoblin zombies (Ossuary)
  4 kobold zombies (Ossuary)
  5 quokka zombies (Ossuary)
  4 rats
  2 rat zombies (Ossuary)
180 creatures vanquished.

Vanquished Creatures (others)
  44 plants (D:3)
44 creatures vanquished.

Grand Total: 224 creatures vanquished

Notes
Turn   | Place    | Note
-------+----------+-------------------------------------------
     0 | D:1      | protoss039 the Demonspawn Earth Elementalist began the
                  | quest for the Orb.
     0 | D:1      | Reached XP level 1. HP: 13/13 MP: 3/3
   165 | D:1      | Gained mutation: You have large cloven feet. [demonic
                  | ancestry]
   165 | D:1      | Reached XP level 2. HP: 20/20 MP: 1/5
   325 | D:1      | Reached skill level 1 in Fighting
   791 | D:1      | Learned a level 2 spell: Passwall
   875 | D:2      | Reached XP level 3. HP: 25/26 MP: 3/6
  1031 | D:2      | You fall into a shaft and drop 1 floor!
  2116 | D:2      | Learned a level 3 spell: Stone Arrow
  2156 | D:3      | Gained mutation: Spells you cast may paralyse adjacent
                  | enemies. [demonic ancestry]
  2156 | D:3      | Reached XP level 4. HP: 29/33 MP: 3/8
  2515 | D:3      | Found a runed translucent door.
  2516 | D:3      | Noticed Crazy Yiuf
  2575 | D:3      | Noticed Sigmund
  2584 | D:3      | Killed Sigmund
  2585 | D:3      | Reached skill level 1 in Conjurations
  2585 | D:3      | Gained mutation: You are partially covered in thin metallic
                  | scales. (AC +2) [demonic ancestry]
  2585 | D:3      | Reached XP level 5. HP: 33/39 MP: 3/9
  2991 | D:3      | Killed Crazy Yiuf
  2992 | D:3      | Gained mutation: You have hoof-like feet. [demonic
                  | ancestry]
  2992 | D:3      | Reached XP level 6. HP: 36/46 MP: 5/10
  3148 | D:4      | Noticed Duvessa
  3148 | D:4      | Noticed Dowan
  3333 | D:4      | Found a staircase to the Ecumenical Temple.
  3359 | Temple   | Entered the Ecumenical Temple
  3443 | D:4      | Noticed Grinder
  3452 | D:4      | Paralysed by Grinder for 4 turns
  3467 | D:4      | Killed Grinder
  3468 | D:4      | Reached XP level 7. HP: 33/52 MP: 7/12
  3596 | D:4      | Killed Duvessa
  3601 | D:4      | Killed Dowan
  3616 | D:4      | Found a sand-covered staircase.
  3638 | D:4      | Learned a level 3 spell: Mephitic Cloud
  3640 | Ossuary  | Entered an ossuary
  3944 | Ossuary  | Reached skill level 1 in Transmutations
  4523 | Ossuary  | Noticed Menkaure
  4528 | Ossuary  | Killed Menkaure
  4529 | Ossuary  | Reached skill level 1 in Air Magic
  4529 | Ossuary  | Reached skill level 1 in Poison Magic
  4529 | Ossuary  | Reached XP level 8. HP: 58/58 MP: 4/14
  5621 | D:4      | Noticed Robin
  5674 | D:4      | Killed Robin
  5885 | D:5      | Entered Level 5 of the Dungeon
  6270 | D:5      | Found a hide-covered altar of Uskayaw.
  6270 | D:5      | Found a stormy altar of Qazlal.
  6272 | D:5      | Found a shimmering blue altar of Sif Muna.
  6813 | D:6      | Noticed Maggie
  7031 | D:6      | Noticed Edmund
  7042 | D:6      | Killed Edmund
  7043 | D:6      | Reached skill level 5 in Earth Magic
  7406 | D:6      | Killed Maggie
  7407 | D:6      | Reached skill level 5 in Armour
  7407 | D:6      | Reached XP level 9. HP: 66/66 MP: 3/16
  8269 | D:7      | Reached skill level 5 in Spellcasting
  9176 | D:7      | Learned a level 3 spell: Swiftness
  9190 | D:8      | Reached skill level 5 in Fighting
  9432 | D:8      | Reached skill level 5 in Conjurations
  9444 | D:8      | Gained mutation: A meltable shield of frost defends you.
                  | (SH +4) [demonic ancestry]
  9444 | D:8      | Reached XP level 10. HP: 40/76 MP: 7/18
  9671 | D:$      | Got out of the dungeon alive.

Illustrated notes

Levels and vault maps discovered:
D:1:      wander_arrival_fairy_ring, layout_basic, nrook_loot_triangle
D:2:      layout_basic, amcnicky_mini_pool_small
D:3:      layout_basic, lemuel_coloured_pillars_altar,
          minmay_misc_feat_enclosed, serial_bayou_lagoon_a,
          minmay_misc_feat_cross, interstate_on_off, kennysheep_potato,
          uniq_crazy_yiuf_cottage, uniq_sigmund
D:4:      layout_basic, minmay_temple_entry_waves, chequers_ossuary_entry_cave,
          uniq_grinder, uniq_robin, uniq_duvessa
D:5:      layout_loops_cross, gammafunk_temple_overflow_claw
D:6:      layout_gridville, uniq_maggie, uniq_edmund
D:7:      layout_basic, kennysheep_generic_room_10
D:8:      layout_basic, nemelex_spade_bored_becter, gammafunk_ghost_spectres
Temple:   nicolae_temple_x_marks_the_god

Skill      XL: |  1  2  3  4  5  6  7  8  9 |
---------------+----------------------------+-----
Fighting       | 1 2 3 4 5 |  5.8
Earth Magic    | 3 4 5 6 |  6.2
Armour         | 2 3 4 5 6 |  6.0
Spellcasting   | 3 4 5 |  5.9
Conjurations   | 1 2 3 5 |  5.4
Transmutations | 1 |  1.0
Air Magic      | 1 3 |  3.0
Poison Magic   | 1 3 |  3.0
Dodging        | |  1.7
Stealth        | |  1.7

Action                   |  1- 3 |  4- 6 |  7- 9 | 10-12 || total
-------------------------+-------+-------+-------+-------++-------
Melee: Dagger            |    16 |    40 |   163 |     2 ||   221
       Kick              |     4 |    14 |       |       ||    18
       Punch             |       |       |     1 |       ||     1
 Cast: Sandblast         |    37 |    51 |   114 |     1 ||   203
       Stone Arrow       |       |     2 |    97 |     2 ||   101
  Use: Scroll            |       |     1 |     9 |       ||    10
 Stab: Sleeping          |     1 |       |       |       ||     1
       Paralysed         |       |    11 |    43 |     2 ||    56
Armor: Leather armour    |     5 |       |       |       ||     5
       Ring mail         |     1 |    22 |    90 |       ||   113
       Steam dragon scal |       |       |    23 |       ||    23
Dodge: Dodged            |    14 |    28 |   111 |       ||   153
Block: Other             |       |       |       |     1 ||     1
